 Dungeon Crawl Stone Soup version 0.29.1-14-g9c671dbff4 (webtiles) character file.

Game seed: 12111934549499978972

1880 leafyfresh the Covert (level 9, -2/74 HPs)
             Began as a Gnoll Delver on Feb 13, 2023.
             Was an Initiate of Cheibriados.
             Shot with an arrow by a centaur (9 damage)
             ... on level 6 of the Dungeon.
             The game lasted 00:13:47 (8335 turns).

leafyfresh the Covert (Gnoll Delver)                Turns: 8335, Time: 00:13:47

Health: -2/74      AC:  2    Str: 15    XL:     9   Next: 14%
Magic:  15/15      EV: 15    Int: 12    God:    Cheibriados [......]
Gold:   336        SH:  0    Dex: 18    Spells: 5/16 levels left

rFire   . . .      SeeInvis .   y - +10 whip of Purpose {venom, *Corrode rElec rN+ Str+3}
rCold   + . .      Faith    .   (no shield)
rNeg    + . .      Spirit   .   b - +0 leather armour
rPois   .          Reflect  .   m - +1 helmet
rElec   +          Harm     .   (no cloak)
rCorr   .          Rampage  .   r - +0 pair of gloves
Will    .....                   (no boots)
Stlth   +++++.....              G - amulet of magic regeneration
HPRegen 0.22/turn               l - ring of protection from cold
MPRegen 0.54/turn               (no ring)

@: corroded, slow
A: fangs 1, strong nose, distributed training
a: Renounce Religion


You were on level 6 of the Dungeon.
You worshipped Cheibriados.
Cheibriados was noncommittal.
You visited 2 branches of the dungeon, and saw 7 of its levels.

You collected 336 gold pieces.

Inventory:

Hand Weapons
 h - a +0 sling
 y - the +10 whip of Purpose (weapon) {venom, *Corrode rElec rN+ Str+3}
   (You found it on level 3 of the Dungeon)

   It poisons the flesh of those it strikes.
   Str:       It affects your strength (+3).
   rElec:     It insulates you from electricity.
   rN:        It protects you from negative energy.
   *Corrode:  It may corrode you when you take damage.
 A - a +0 shortbow
 F - the +7 dagger of Inflation {elec, *Corrode Will+ Str+4}
   (You took it off a hobgoblin on level 4 of the Dungeon)

   It occasionally discharges a powerful burst of electricity upon striking a
   foe.
   Str:       It affects your strength (+4).
   *Corrode:  It may corrode you when you take damage.
   Will:      It increases your willpower.
Missiles
 w - 2 poisoned darts
 C - 6 javelins (quivered)
 K - a throwing net
Armour
 b - a +0 leather armour (worn)
 m - a +1 helmet (worn)
 r - a +0 pair of gloves (worn)
Jewellery
 l - a ring of protection from cold (left hand)
 G - an amulet of magic regeneration (around neck)
Wands
 g - a wand of digging (3)
 i - a wand of flame (29)
 p - a wand of mindburst (18)
Scrolls
 a - 2 scrolls of identify
 c - a scroll of fog
 d - 2 scrolls of magic mapping
 e - 2 scrolls of fear
 o - 3 scrolls of teleportation
 t - a scroll of noise
 u - 2 scrolls of enchant weapon
 x - a scroll of immolation {unknown}
 D - a scroll of vulnerability
 I - a scroll of poison {unknown}
 J - a scroll of silence {unknown}
 L - a scroll of amnesia {unknown}
Potions
 f - 4 potions of haste
 j - a potion of curing
 k - 2 potions of invisibility
 n - a potion of magic {unknown}
 q - a potion of lignification
 s - a potion of heal wounds {unknown}
 v - 2 potions of flight {unknown}
 z - a potion of brilliance {unknown}
 B - a potion of cancellation {unknown}
 E - 2 potions of ambrosia {unknown}
Miscellaneous
 H - a piece from Xom's chessboard (15/15)


   Skills:
 + Level 7.8 Fighting
 + Level 4.1 Short Blades
 + Level 4.1 Long Blades
 + Level 4.1 Axes
 + Level 4.1 Maces & Flails
 + Level 6.2 Polearms
 + Level 4.1 Staves
 + Level 4.1 Ranged Weapons
 + Level 4.1 Throwing
 + Level 4.1 Armour
 + Level 6.2 Dodging
 + Level 10.4 Stealth
 + Level 4.1 Shields
 + Level 4.1 Unarmed Combat
 + Level 4.1 Spellcasting
 + Level 3.3 Conjurations
 + Level 3.3 Hexes
 + Level 3.3 Summonings
 + Level 3.3 Necromancy
 + Level 3.3 Translocations
 + Level 3.3 Transmutations
 + Level 3.3 Fire Magic
 + Level 3.3 Ice Magic
 + Level 3.3 Air Magic
 + Level 3.3 Earth Magic
 + Level 3.3 Poison Magic
 + Level 4.5 Invocations
 + Level 4.1 Evocations


You had 5 spell levels left.
You knew the following spells:

 Your Spells              Type           Power      Damage    Failure   Level
a - Ensorcelled Hibernat  Hex/Ice        20%        N/A       11%         2
b - Blink                 Tloc           20%        N/A       11%         2
c - Conjure Flame         Conj/Fire      10%        6-21      21%         3
d - Summon Lightning Spi  Summ/Air       10%        N/A       56%         4

Your spell library contained the following spells:

 Spells                   Type           Power      Damage    Failure   Level
 Confusing Touch          Hex            10%        N/A       21%         3
 Ignite Poison            Fire/Tmut/Pois 10%        N/A       21%         3
 Lesser Beckoning         Tloc           10%        N/A       21%         3
 Spider Form              Tmut/Pois      10%        N/A       21%         3
 Anguish                  Hex/Necr       5%         N/A       56%         4
 Sticky Flame             Conj/Fire      10%        2d3       56%         4
 Alistair's Intoxication  Tmut/Pois      6%         N/A       88%         5
 Borgnjor's Vile Clutch   Necr/Erth      5%         N/A       88%         5
 Manifold Assault         Tloc           10%        N/A       88%         5
 Yara's Violent Unravell  Hex/Tmut       5%         3d4       88%         5
 Eringya's Noxious Bog    Tmut/Pois      5%         N/A       100%        6
 Enfeeble                 Hex            5%         N/A       100%        7
 Storm Form               Tmut/Air       5%         N/A       100%        7
 Maxwell's Capacitive Co  Air            5%         ∞         100%        8


Dungeon Overview and Level Annotations

Branches:
Dungeon (6/15)             Temple (1/1) D:6

Altars:
Cheibriados
Dithmenos
Fedhas
Hepliaklqana
Kikubaaqudgha
Nemelex Xobeh
Okawaru
Qazlal
Trog
Uskayaw
Vehumet
Wu Jian
Xom
Yredelemnul
Zin
The Shining One

Shops:
D:4 !


Innate Abilities, Weirdness & Mutations

You have very sharp teeth.
Your uncanny sense of smell can sniff out nearby items.
Your experience applies equally to all skills.


Message History

The water moccasin bites you.
Your corrosive artefact corrodes you!
The centaur shoots an arrow.
The arrow hits you. The water moccasin misses you.
Unknown command.
You hit the water moccasin.
The water moccasin is severely wounded.
The centaur unwields a +0 shortbow.
The centaur hits the bush but does no damage.
The centaur kicks the bush but does no damage.
The water moccasin bites you.
Unknown command.
You hit the water moccasin.
The water moccasin is almost dead.
The centaur wields a +0 shortbow.
The centaur shoots an arrow.
The arrow hits you! The water moccasin bites you.
Unknown command.
You hit the water moccasin.
The water moccasin looks as sick as possible!
You punch the water moccasin, but do no damage.
The water moccasin is almost dead.
You kill the water moccasin!
Cheibriados appreciates the change of pace.
The centaur unwields a +0 shortbow.
The centaur completely misses the bush.
The centaur kicks the bush.
The centaur wields a +0 shortbow.
The centaur shoots an arrow.
The arrow misses you.
You hit the bush but do no damage. You bite the bush, but do no damage.
The centaur shoots an arrow.
The arrow hits you!
* * * LOW HITPOINT WARNING * * *
Unknown command.
The centaur shoots an arrow.
The arrow hits you!
* * * LOW HITPOINT WARNING * * *
The centaur shoots an arrow.
The arrow closely misses you.
Unknown command.
The centaur shoots an arrow.
The arrow hits you!
* * * LOW HITPOINT WARNING * * *
Unknown command.
You feel better.
The centaur shoots an arrow.
The arrow hits you!
* * * LOW HITPOINT WARNING * * *
The centaur shoots an arrow.
The arrow closely misses you.
The centaur shoots an arrow.
The arrow hits you!
You die...

.#......###.######.#
##....#.....# #.#
...#####.#### #.# ##.#
#.# ###.# ##.# #.#
#...####### ...# #+##
#.##....... #### #...##
#..#..PP... #.....#
#....PPP .. # ##.......
#@##.PP_P ####........
#....PcP.P
...'................PPP.P
#.##......O...##.........
#.###....... #.#.#.###
..# #.....# #.###.# ###
#...## #.. .. #+## ###
..# ##.###


You could see a centaur.

Vanquished Creatures
  A two-headed ogre (D:6)
  Sigmund (D:3)
  A water moccasin (D:6)
  A black bear (D:5)
  A sky beast (D:6)
  A centaur (D:5)
  2 phantoms
  A howler monkey (D:5)
  3 hounds
  An orc priest (D:3)
  A gnoll bouda (D:6)
  An orc wizard (D:6)
  A scorpion zombie (D:3)
  An iguana (D:4)
  A hound zombie (D:3)
  12 gnolls
  10 adders
  An adder zombie (D:3)
  3 worms
  3 dart slugs
  13 orcs
  7 ball pythons
  8 bats
  6 endoplasms
  5 giant cockroaches
  7 goblins
  6 hobgoblins
  7 jackals
  4 quokkas
  3 frilled lizards
  A giant cockroach zombie (D:3)
  8 kobolds
  9 rats
  A butterfly (D:6)
132 creatures vanquished.

Vanquished Creatures (others)
  5 fungi (D:2)
  5 plants (D:2)
10 creatures vanquished.

Grand Total: 142 creatures vanquished

Notes
Turn   | Place    | Note
-------+----------+-------------------------------------------
     0 | D:5      | Reached skill level 9 in Stealth
     0 | D:5      | leafyfresh the Gnoll Delver began the quest for the Orb.
     0 | D:5      | Reached XP level 1. HP: 23/23 MP: 1/1
    74 | D:4      | Noticed an iguana
   184 | D:2      | Found a basalt altar of Yredelemnul.
   245 | D:2      | Reached XP level 2. HP: 16/29 MP: 2/2
   597 | D:1      | Reached XP level 3. HP: 33/35 MP: 3/3
   764 | D:2      | Reached skill level 1 in Invocations
   810 | D:2      | Found a faded altar of an unknown god.
   927 | D:2      | Reached skill level 1 in Short Blades
   927 | D:2      | Reached skill level 1 in Long Blades
   927 | D:2      | Reached skill level 1 in Axes
   927 | D:2      | Reached skill level 1 in Maces & Flails
   927 | D:2      | Reached skill level 1 in Staves
   927 | D:2      | Reached skill level 1 in Ranged Weapons
   927 | D:2      | Reached skill level 1 in Throwing
   927 | D:2      | Reached skill level 1 in Armour
   927 | D:2      | Reached skill level 1 in Shields
   927 | D:2      | Reached skill level 1 in Unarmed Combat
   927 | D:2      | Reached skill level 1 in Spellcasting
   927 | D:2      | Reached skill level 1 in Evocations
  1112 | D:2      | Reached XP level 4. HP: 37/41 MP: 5/5
  1406 | D:1      | Reached skill level 1 in Conjurations
  1406 | D:1      | Reached skill level 1 in Hexes
  1406 | D:1      | Reached skill level 1 in Summonings
  1406 | D:1      | Reached skill level 1 in Necromancy
  1406 | D:1      | Reached skill level 1 in Translocations
  1406 | D:1      | Reached skill level 1 in Transmutations
  1406 | D:1      | Reached skill level 1 in Fire Magic
  1406 | D:1      | Reached skill level 1 in Ice Magic
  1406 | D:1      | Reached skill level 1 in Air Magic
  1406 | D:1      | Reached skill level 1 in Earth Magic
  1406 | D:1      | Reached skill level 1 in Poison Magic
  1418 | D:1      | You fall into a shaft and drop 1 floor!
  2672 | D:3      | Identified the +10 whip of Purpose {venom, *Corrode rElec
                  | rN+ Str+3}
  2690 | D:3      | Found a shadowy altar of Dithmenos.
  2719 | D:3      | Reached XP level 5. HP: 47/47 MP: 5/7
  2822 | D:3      | Found a glowing golden altar of the Shining One.
  3209 | D:3      | Noticed Sigmund
  3215 | D:3      | Killed Sigmund
  3216 | D:3      | Reached skill level 5 in Polearms
  3216 | D:3      | Reached skill level 5 in Dodging
  3216 | D:3      | Reached XP level 6. HP: 46/53 MP: 7/9
  3782 | D:4      | Found Ofrezuvi's Distillery.
  3925 | D:4      | Found a glowing silver altar of Zin.
  3955 | D:4      | Identified the +7 dagger of Inflation {elec, *Corrode Will+
                  | Str+4}
  4269 | D:4      | Learned a level 2 spell: Ensorcelled Hibernation
  4271 | D:4      | Reached XP level 7. HP: 59/59 MP: 10/10
  4332 | D:4      | Found a shimmering altar of Xom.
  5417 | D:5      | Reached skill level 10 in Stealth
  6377 | D:5      | Found a sparkling altar of Nemelex Xobeh.
  6750 | D:5      | Reached XP level 8. HP: 64/67 MP: 12/12
  6872 | D:6      | Noticed a two-headed ogre
  6895 | D:6      | Killed a two-headed ogre
  7453 | D:6      | Reached XP level 9. HP: 69/73 MP: 14/14
  7506 | D:6      | Learned a level 2 spell: Blink
  7510 | D:6      | Learned a level 3 spell: Conjure Flame
  7515 | D:6      | Learned a level 4 spell: Summon Lightning Spire
  7897 | D:6      | Found a staircase to the Ecumenical Temple.
  7933 | Temple   | Entered the Ecumenical Temple
  8244 | Temple   | Became a worshipper of Cheibriados the Contemplative
  8315 | D:6      | Found a blossoming altar of Fedhas.
  8335 | D:6      | Shot with an arrow by a centaur

Illustrated notes

Levels and vault maps discovered:
D:1:      co_arrival_square_in_a_square_in_a_square, layout_basic
D:2:      layout_loops_ring, shapermc_ecumenical_altar_mp_urbaneastern,
          basic_altar, minmay_joined_circles
D:3:      layout_basic, mainiacjoe_overflow_paths,
          nicolae_overflow_crystal_walls, serial_undead, serial_undead_b,
          serial_undead_f, serial_undead_c, serial_undead_d, uniq_sigmund
D:4:      layout_basic, xom_butterflies, mainiacjoe_overflow_brackets,
          serial_shops, nicolae_shop_stone
D:5:      layout_loops_ring, mainiacjoe_overflow_chevrons, serial_glass,
          glass_columns_a, glass_columns_a, glass_columns_b, glass_columns_c,
          glass_columns_a, item_on_display_a, item_on_display_a,
          eino_small_chamber_without_monster, minmay_misc_feat_diagonals,
          chequers_serial_rivers_small_b
D:6:      layout_loops_corners, fedhas_bush_and_centaur_altar,
          minmay_temple_entry_butterflies, nicolae_water_bricks
Temple:   dpeg_chambers_temple

Skill      XL: |  1  2  3  4  5  6  7  8  9 |
---------------+----------------------------+-----
Stealth        | 10 | 10.4
Invocations    | 1 2 3 4 |  4.5
Short Blades   | 1 2 3 4 |  4.1
Long Blades    | 1 2 3 4 |  4.1
Axes           | 1 2 3 4 |  4.1
Maces & Flails | 1 2 3 4 |  4.1
Staves         | 1 2 3 4 |  4.1
Ranged Weapons | 1 2 3 4 |  4.1
Throwing       | 1 2 3 4 |  4.1
Armour         | 1 2 3 4 |  4.1
Shields        | 1 2 3 4 |  4.1
Unarmed Combat | 1 2 3 4 |  4.1
Spellcasting   | 1 2 3 4 |  4.1
Evocations     | 1 2 3 4 |  4.1
Conjurations   | 1 2 3 |  3.3
Hexes          | 1 2 3 |  3.3
Summonings     | 1 2 3 |  3.3
Necromancy     | 1 2 3 |  3.3
Translocations | 1 2 3 |  3.3
Transmutations | 1 2 3 |  3.3
Fire Magic     | 1 2 3 |  3.3
Ice Magic      | 1 2 3 |  3.3
Air Magic      | 1 2 3 |  3.3
Earth Magic    | 1 2 3 |  3.3
Poison Magic   | 1 2 3 |  3.3
Polearms       | 5 6 |  6.2
Dodging        | 5 6 |  6.2
Fighting       | 7 |  7.8

Action                   |  1- 3 |  4- 6 |  7- 9 || total
-------------------------+-------+-------+-------++-------
Melee: Spear             |    98 |    64 |       ||   162
       Bite              |    13 |     8 |    13 ||    34
       Punch             |     3 |       |     3 ||     6
       Dagger            |       |    10 |       ||    10
       Whip              |       |    65 |   108 ||   173
 Fire: Sling             |    40 |    40 |     4 ||    84
       Shortbow          |       |     1 |    35 ||    36
  Use: Scroll            |       |     1 |     6 ||     7
       Potion            |       |       |     4 ||     4
 Stab: Sleeping          |     7 |    12 |     7 ||    26
       Distracted        |       |     2 |     1 ||     3
Armor: Leather armour    |    29 |    38 |    23 ||    90
Dodge: Dodged            |    60 |    77 |    89 ||   226
